 Dungeon Crawl Stone Soup version 0.22-a0-422-g9628fc8 (webtiles) character file.

107 Borgoz the Skirmisher (level 4, -9/29 HPs)
             Began as a Gargoyle Abyssal Knight on May 16, 2018.
             Was a Believer of Lugonu.
             Mangled by an ogre
             ... wielding a +0 giant club
              (15 damage)
             ... on level 3 of the Dungeon.
             The game lasted 00:03:10 (2078 turns).

Borgoz the Skirmisher (Gargoyle Abyssal Knight)     Turns: 2078, Time: 00:03:10

Health: -9/29      AC:  8    Str: 15    XL:     4   Next: 85%
Magic:  6/6        EV: 12    Int: 13    God:    Lugonu [**....]
Gold:   332        SH:  0    Dex: 10    Spells: 3/3 levels left

rFire    . . .     SeeInvis .   p - +0 war axe
rCold    . . .     Gourm    .   (no shield)
rNeg     + . .     Faith    .   b - +0 leather armour
rPois    ∞         Spirit   .   m - +0 helmet (curse)
rElec    +         Reflect  .   (no cloak)
rCorr    .         Harm     .   (no gloves)
MR       .....                  (no boots)
Stlth    +.........             (no amulet)
HPRegen  0.09/turn              (no ring)
MPRegen  0.10/turn              (no ring)

@: no status effects
A: negative energy resistance 1, electricity resistance, unbreathing,
petrification resistance, rot immunity, AC +3
a: Depart the Abyss, Bend Space, Renounce Religion


You were on level 3 of the Dungeon.
You worshipped Lugonu.
Lugonu was pleased with you.
You were not hungry.

You visited 1 branch of the dungeon, and saw 4 of its levels.
You visited the Abyss 1 time.

You collected 332 gold pieces.

Inventory:

Hand Weapons
 p - a +0 war axe (weapon)
Armour
 b - a +0 leather armour (worn)
 m - a cursed +0 helmet (worn)
Scrolls
 d - 3 scrolls of identify {unknown}
 e - 3 scrolls of teleportation {unknown}
 f - a scroll of random uselessness {unknown}
 i - 2 scrolls of remove curse {unknown}
 k - a scroll of blinking {unknown}
 n - a scroll of enchant weapon {unknown}
 o - a scroll of fog {unknown}
Potions
 h - 2 potions of heal wounds {unknown}
 j - 2 potions of resistance {unknown}
 l - a potion of might {unknown}
Comestibles
 a - 3 chunks of flesh
 c - 4 rations


   Skills:
 + Level 3.8 Fighting
 * Level 2.8 Axes
 + Level 2.8 Armour
 * Level 1.9 Dodging
 + Level 2.6 Invocations


You had 3 spell levels left.
You didn't know any spells.
Your spell library was empty.

Dungeon Overview and Level Annotations

Branches:
Dungeon (4/15)
 Temple: D:4-7

Altars:

Annotations:
D:2 1 runed door
D:4 Ijyb


Innate Abilities, Weirdness & Mutations

You are resistant to torment.
Your stone body is resilient. (AC +3)
You are immune to poison.
You resist negative energy. (rN+)
You are resistant to electric shocks. (rElec)
You can survive without breathing.
You are immune to petrification.
You are immune to rotting.


Message History

The howler monkey hits you.
Ijyb the Twisted Goblin comes into view.
You barely miss the howler monkey.
The howler monkey is almost dead.
The howler monkey hits you but does no damage.
Ijyb zaps a wand.
The puff of flame hits you!
It is a wand of flame (24).
The howler monkey hits you.
A howler monkey skeleton comes into view.
The ogre closely misses you.
There is a stone staircase leading up here.
The howler monkey closely misses you. The ogre hits you with a giant club!
* * * LOW HITPOINT WARNING * * *
The howler monkey closely misses you.
Some of the chunks of flesh in your inventory have rotted away.
You climb upwards.
There is a stone staircase leading down here.
It was a potion of cancellation.
You feel magically purged. The ogre hits you with a giant club!
Ouch! That really hurt!
You die...

#############.##.####
.......######.....#
.......'..........#
.......#####.#.#..#
.......#####.#....#
...........#.##..##
.......###.#.##..#
.......# #.#...hO#
.......# #.##...@#
.......# #.##.####
.......# #.##.#
######## #.##.#
#.##.# #.##.# #....#
######


You could see an ogre and a howler monkey.

Vanquished Creatures
  2 adders
  3 worms (D:3)
  A dart slug (D:1)
  A leopard gecko (D:2)
  5 orcs (D:3)
  16 goblins
  6 hobgoblins
  3 jackals (D:2)
  6 bats
  5 frilled lizards
  6 kobolds
  16 rats
  4 fungi (D:3)
74 creatures vanquished.

Vanquished Creatures (others)
  A fungus (D:3)
1 creature vanquished.

Grand Total: 75 creatures vanquished

Notes
Turn   | Place    | Note
-------+----------+-------------------------------------------
     0 | Abyss:1  | Borgoz the Gargoyle Abyssal Knight began the quest for the Orb.
     0 | Abyss:1  | Reached XP level 1. HP: 14/14 MP: 2/2
    56 | Abyss:1  | Noticed a large abomination
    58 | D:1      | Escaped the Abyss
    91 | D:1      | Reached * piety under Lugonu
    91 | D:1      | Reached skill level 1 in Dodging
   351 | D:1      | Reached XP level 2. HP: 19/19 MP: 3/3
   930 | D:1      | Reached XP level 3. HP: 23/23 MP: 4/4
  1085 | D:2      | Found a runed door.
  1377 | D:2      | Reached XP level 4. HP: 26/28 MP: 5/5
  1663 | D:3      | Reached ** piety under Lugonu
  2069 | D:4      | Noticed an ogre
  2072 | D:4      | Noticed Ijyb
  2078 | D:3      | Mangled by an ogre

Vault maps used:
D:1:      dpeg_arrival_tiny_c, minmay_misc_feat_tower
D:2:      grunt_ministairs_8, minmay_rat_gold_closets, uniq_crazy_yiuf_cottage
D:3:      minmay_gold_behind_fungi
D:4:      makhleb_heckhound_becter, cheibrodos_sewer_entry_sluice, first_ration,
          gup_ossuary_entry_pyramid, serial_shops, shop, uniq_blork_the_orc,
          uniq_ijyb

Skill      XL: |  1 |
---------------+----+-----
Axes           | 2 |  2.8
Dodging        | 1 |  1.9
Fighting       | |  3.8
Armour         | |  2.8
Invocations    | |  2.6

Action                   |  1- 3 |  4- 6 || total
-------------------------+-------+-------++-------
Melee: Hand axe          |   140 |    20 ||   160
       War axe           |       |    88 ||    88
Invok: Depart the Abyss  |     1 |       ||     1
  Use: Potion            |     1 |     1 ||     2
  Eat: Chunk             |     2 |     2 ||     4
Armor: Leather armour    |    92 |    39 ||   131
Dodge: Dodged            |   116 |    56 ||   172

Table legend:
 A = Spawn XP
 B = Non-spawn XP
 C = Spawn XP percentage of total XP
 D = Spawn monster count
 E = Non-spawn monster count
 F = Spawn count percentage of total count
 G = Total turns spent on level
                    A         B        C        D         E        F      G
               +---------+---------+-------+---------+---------+-------+---------
         Total |       0 |     153 |   0.0 |       0 |      70 |   0.0 |  2078
               +---------+---------+-------+---------+---------+-------+---------
           D:1 |       0 |      36 |   0.0 |       0 |      21 |   0.0 |   882
           D:2 |       0 |      56 |   0.0 |       0 |      29 |   0.0 |   597
           D:3 |       0 |      61 |   0.0 |       0 |      20 |   0.0 |   522
               +---------+---------+-------+---------+---------+-------+---------
